 Dungeon Crawl Stone Soup version 0.28-a0-684-g30a9fa1a03 (webtiles) character file.

Game seed: 10554467633802585161

520 Johnny the Slasher (level 7, -1/56 HPs)
             Began as a Human Berserker on Oct 19, 2021.
             Was a Believer of Trog.
             Killed from afar by a lava snake (19 damage)
             ... with a glob of lava
             ... on level 7 of the Dungeon.
             The game lasted 00:02:35 (3946 turns).

Johnny the Slasher (Human Berserker)                Turns: 3946, Time: 00:02:36

Health: -1/56      AC:  9    Str: 20    XL:     7   Next: 45%
Magic:  7/7        EV: 12    Int:  7    God:    Trog [**....]
Gold:   207        SH:  0    Dex: 12    Spells: 6/6 levels left

rFire   . . .      SeeInvis .   a - +0 falchion
rCold   . . .      Faith    .   (no shield)
rNeg    . . .      Spirit   .   i - +0 chain mail
rPois   .          Reflect  .   (no helmet)
rElec   .          Harm     .   (no cloak)
rCorr   .          Rampage  .   (no gloves)
Will    ++...                   j - +0 pair of boots
Stlth   ..........              (no amulet)
HPRegen 1.18/turn               n - +4 ring of evasion
MPRegen 0.10/turn               (no ring)

@: strong-willed, on berserk cooldown, regenerating, slowed, very slow
A: no striking features
a: Renounce Religion, Berserk, Trog's Hand


You were on level 7 of the Dungeon.
You worshipped Trog.
Trog was pleased with you.
You visited 1 branch of the dungeon, and saw 7 of its levels.

You collected 207 gold pieces.

Inventory:

Hand Weapons
 a - a +0 falchion (weapon)
Armour
 i - a +0 chain mail (worn)
 j - a +0 pair of boots (worn)
Jewellery
 n - a +4 ring of evasion (left hand)
 u - a ring of flight
Wands
 r - a wand of mindburst (18)
Scrolls
 e - 3 scrolls of identify {unknown}
 f - 4 scrolls of teleportation {unknown}
 h - 2 scrolls of fear {unknown}
 k - a scroll of fog {unknown}
 m - a scroll of brand weapon {unknown}
 t - a scroll of immolation {unknown}
Potions
 b - 2 potions of lignification {unknown}
 c - 4 potions of curing {unknown}
 d - 2 potions of resistance {unknown}
 g - a potion of magic {unknown}
 l - 3 potions of haste {unknown}
 o - a potion of brilliance {unknown}
 p - a potion of mutation {unknown}
 q - a potion of cancellation {unknown}
 s - a potion of might {unknown}


   Skills:
 + Level 5.1 Fighting
 * Level 6.8 Long Blades
 - Level 2.0 Armour
 - Level 2.0 Dodging


You had 6 spell levels left.
You didn't know any spells.
Your spell library was empty.

Dungeon Overview and Level Annotations

Branches:
Dungeon (7/15)
 Temple: D:4-7

Altars:

Annotations:
D:6 Dowan, Duvessa


Message History

No target in view!
No target in view!
A lava snake comes into view.
The lava snake moves out of view.
A lava snake is nearby!
A lava snake is nearby!
A lava snake is nearby!
The lava snake hisses angrily.
The lava snake spits lava at you. The glob of lava misses you.
The lava snake spits lava at you. The glob of lava hits you!!
You are too injured to fight recklessly!
You are too injured to fight recklessly!
You are too injured to fight recklessly!
You are too injured to fight recklessly!
You are too injured to fight recklessly!
You are too injured to fight recklessly!
You are too injured to fight recklessly!
You are too injured to fight recklessly!
You are too injured to fight recklessly!
You are too injured to fight recklessly!
You are too injured to fight recklessly!
A lava snake is nearby!
A red film seems to cover your vision as you go berserk!
You feel yourself moving faster!
You feel mighty!
You feel a strong urge to attack something.
You feel your anger nearly subside.
You are no longer berserk.
You are exhausted.
You feel yourself slow down. The lava snake bites you.
You are engulfed in flames.
* * * LOW HITPOINT WARNING * * *
You miss the lava snake.
The lava snake bites you but does no damage.
Your skin crawls.
You feel strong-willed.
The lava snake bites you but does no damage.
The lava snake spits lava at you. The glob of lava hits you!!
You die...

≈≈≈§≈≈≈≈≈.≈≈≈
§§.........§.§ ≈≈≈.≈≈
≈§§§≈≈ ≈≈ #≈§≈# #§§≈#
≈.≈# # #≈§≈# #≈.≈# §.≈#
#.≈###≈§§###§§≈###≈.≈###
#.≈≈≈≈S§≈§≈§≈.≈§≈≈≈.≈≈§≈
#......@§.............§.
.......##..§...........
.......########....###
...................'.#
....... ...........#.#
....... ##.......### #
......#######....#
.....##.....##...#
....#.......#...#


You could see a lava snake (catching breath).

Vanquished Creatures
  An ogre (D:7)
  A hound (D:4)
  2 jellies
  A lava snake (D:7)
  2 orc priests
  2 bullfrog skeletons
  An iguana (D:5)
  2 orc wizards
  A howler monkey zombie (D:4)
  3 adders
  An adder skeleton (D:4)
  2 dart slugs
  8 orcs
  5 endoplasms
  2 giant cockroaches
  6 goblins
  6 hobgoblins
  4 jackals
  4 kobolds
  4 quokkas
  3 ball pythons
  A bat (D:2)
  2 frilled lizards (D:3)
  4 rats
68 creatures vanquished.

Notes
Turn   | Place    | Note
-------+----------+-------------------------------------------
     0 | D:1      | Johnny the Human Berserker began the quest for the Orb.
     0 | D:1      | Reached XP level 1. HP: 18/18 MP: 1/1
   108 | D:1      | Reached XP level 2. HP: 16/24 MP: 2/2
   724 | D:1      | Reached XP level 3. HP: 28/29 MP: 3/3
   765 | D:1      | Found a faded altar of an unknown god.
  1425 | D:3      | Reached skill level 4 in Long Blades
  1584 | D:3      | Reached XP level 4. HP: 35/35 MP: 4/4
  1889 | D:3      | Reached XP level 5. HP: 29/42 MP: 5/5
  2191 | D:3      | Reached ** piety under Trog
  2464 | D:4      | Reached skill level 5 in Long Blades
  2490 | D:4      | Reached XP level 6. HP: 41/49 MP: 6/6
  3022 | D:5      | Entered Level 5 of the Dungeon
  3356 | D:5      | You fall into a shaft and drop 1 floor!
  3356 | D:6      | Noticed Duvessa
  3356 | D:6      | Noticed Dowan
  3390 | D:7      | Noticed an ogre
  3399 | D:7      | Reached skill level 6 in Long Blades
  3404 | D:7      | HP: 3/73 [ogre (21)]
  3405 | D:7      | Killed an ogre
  3406 | D:7      | Reached XP level 7. HP: 3/55 MP: 7/7
  3768 | D:7      | Reached skill level 5 in Fighting
  3946 | D:7      | Killed from afar by a lava snake

Illustrated notes

Levels and vault maps discovered:
D:1:      dpeg_arrival_three_same_balls, layout_loops_ring,
          dreamdust_ecumenical_altar_hidden_monk_grotto
D:2:      layout_rooms, interstate_on_off
D:3:      layout_basic, fountainhead
D:4:      layout_rooms, chequers_serial_rivers_small_3
D:5:      layout_loops_corners, temple_green
D:6:      layout_cave_pools, nicolae_overflow_crystal_walls, uniq_duvessa
D:7:      layout_basic, st_stairs_10, grunt_ministairs_9, kennysheep_boxes

Skill      XL: |  1  2  3  4  5  6  7 |
---------------+----------------------+-----
Long Blades    | 4 5 6 |  6.8
Fighting       | 4 5 |  5.1
Armour         | |  2.0
Dodging        | |  2.0

Action                   |  1- 3 |  4- 6 |  7- 9 || total
-------------------------+-------+-------+-------++-------
Melee: Falchion          |    95 |   129 |    25 ||   249
Invok: Berserk           |     1 |     3 |     2 ||     6
       Trog's Hand       |       |     1 |     1 ||     2
 Stab: Sleeping          |     1 |       |       ||     1
Armor: Animal skin       |     1 |       |       ||     1
       Chain mail        |    24 |    42 |    15 ||    81
Dodge: Dodged            |    63 |    74 |    13 ||   150

Table legend: (Time is in decaauts)
 A = Elapsed time spent in this place.
 B = Non-inter-level travel time spent in this place.
 C = Inter-level travel time spent in this place.
 D = Time resting spent in this place.
 E = Time spent auto-exploring this place.
 F = Levels seen in this place.
 G = Mean time per level.
                   A        B        C        D        E       F      G
               +--------+--------+--------+--------+--------+-----+--------+
         Total |   4009 |   3917 |     92 |    666 |   2697 |   7 |  572.7 |
       Dungeon |   4009 |   3917 |     92 |    666 |   2697 |   7 |  572.7 |
               +--------+--------+--------+--------+--------+-----+--------+

Top non-repeatable levels by time:
     D:3: 984 daAuts
     D:1: 935 daAuts
     D:4: 731 daAuts
     D:7: 596 daAuts
     D:2: 420 daAuts
     D:5: 333 daAuts
     D:6: 8 daAuts
